 Dungeon Crawl Stone Soup version 0.31-a0-237-g2d982f9f85 (webtiles) character file.

Game seed: 4499909198324342115

165 qw the Shooter (level 5, 0/45 HPs)
             Began as a Minotaur Hexslinger on July 10, 2023.
             Slain by Sigmund
             ... wielding a +0 scythe
              (5 damage)
             ... on level 3 of the Dungeon.
             The game lasted 00:00:50 (2278 turns).

qw the Shooter (Minotaur Hexslinger)                Turns: 2278, Time: 00:00:51

Health: 0/45       AC:  7    Str: 13    XL:     5   Next: 22%
Magic:  5/5        EV: 11    Int: 10    God:
Gold:   210        SH:  0    Dex: 14    Spells: 5/6 levels left

rFire   . . .        Y - +1 sling
rCold   . . .        (no shield)
rNeg    . . .        g - +0 ring mail
rPois   .            j - +2 hat
rElec   .            (no cloak)
rCorr   .            (no gloves)
SInv    .            (no boots)
Will    .....        (no amulet)
Stlth   +            (no ring)
HPRegen 0.27/turn    (no ring)
MPRegen 0.09/turn

%: no passive effects
@: about to teleport, weak-willed
A: horns 2, retaliatory headbutt
a: no special abilities


You were on level 3 of the Dungeon.
You visited 1 branch of the dungeon, and saw 3 of its levels.

You collected 210 gold pieces.


Innate Abilities, Weirdness & Mutations

You have a pair of horns on your head.
You reflexively headbutt those who attack you in melee.


   Skills:
 - Level 3.0 Fighting
 + Level 5.1 Ranged Weapons
 - Level 1.4 Armour
 - Level 2.1 Dodging
 - Level 1.0 Spellcasting
 - Level 2.0 Hexes


You had 5 spell levels left.
You knew the following spells:

 Your Spells              Type           Power      Damage    Failure   Level
a - Slow                  Hex            16%        N/A       32%         1

Your spell library contained the following spells:

 Spells                   Type           Power      Damage    Failure   Level
 Inner Flame              Hex/Fire       2%         N/A       82%         3
 Portal Projectile        Hex/Tloc       4%         N/A       82%         3
 Cause Fear               Hex            2%         N/A       97%         4

Inventory:

Hand Weapons
 Y - a +1 sling (weapon)
Armour
 g - a +0 ring mail (worn)
 j - a +2 hat (worn)
Scrolls
 a - 3 scrolls of teleportation
Potions
 c - a potion of invisibility {unknown}
 d - a potion of brilliance {unknown}
 e - a potion of lignification {unknown}
 f - a potion of mutation {unknown}
 i - a potion of heal wounds {unknown}

Dungeon Overview and Level Annotations

Branches:
Dungeon (3/15)

Altars:

Annotations:
D:3 3 runed translucent doors, Sigmund; qw's ghost, amateur GrHs


Message History

You shoot a sling bullet. The sling bullet barely misses Sigmund.
Sigmund gestures at you while chanting. The magic dart hits you!
Sigmund barely misses you.
Enter note:
Enter note:
Enter note:
Enter note:
2275 ||| READING scroll labelled ZAZXUWAIWE.
As you read the scroll labelled ZAZXUWAIWE, it crumbles to dust.
Magic quickly surges around you.
It was a scroll of vulnerability.
Enter note:
Enter note:
Enter note:
Enter note: Sigmund hits you with a +0 scythe!
Enter note:
Enter note:
Enter note:
Enter note:
Enter note:
Enter note:
Enter note:
Enter note: Sigmund attacks as you move away!
Sigmund hits you with a +0 scythe!
Found a stone staircase leading up.
Enter note:
Enter note:
Enter note:
Enter note:
Enter note:
Enter note:
Enter note:
Enter note:
Enter note:
Enter note:
2278 ||| READING 4 scrolls of teleportation.
As you read the scroll of teleportation, it crumbles to dust.
You feel strangely unstable.
Sigmund hits you from afar with a +0 scythe.
You die...

###### ... #
#....# ...
.###..(.# ....
.......#.....
#.....#....<
#..........
#..........
#@.@..#...
#.....#..#
#........#####
..
#....##..#...
..
#.#####....#
.# #.# #...#
##. #.# ##...#
#.. #.#
##..#.#
#.#####
#.###...#.#
#.##...


You could see Sigmund (weak-willed).

Vanquished Creatures
  Ijyb (D:2)
  Terence (D:3)
  Robin (D:2)
  3 gnolls (D:2)
  2 adders
  2 worms (D:2)
  A dart slug (D:1)
  7 bats
  4 endoplasms
  2 giant cockroaches (D:2)
  6 hobgoblins
  3 jackals (D:1)
  2 quokkas (D:2)
  4 ball pythons
  A frilled lizard (D:2)
  6 goblins (D:2)
  A kobold (D:2)
  6 rats
53 creatures vanquished.

Notes
Turn   | Place    | Note
-------+----------+-------------------------------------------
     0 | D:1      | qw the Minotaur Hexslinger began the quest for the Orb.
     0 | D:1      | Reached XP level 1. HP: 16/16 MP: 1/1
     0 | D:1      | 0 ||| qw: Version: 0.3-a-52-g30416fa
     0 | D:1      | 0 ||| qw: Game counter: 5231
     0 | D:1      | 0 ||| qw: Melee chars always use a shield: true
     0 | D:1      | 0 ||| qw: God list: Okawaru
     0 | D:1      | 0 ||| qw: Allow faded altars: false
     0 | D:1      | 0 ||| qw: Do Orc after clearing Dungeon:15 true
     0 | D:1      | 0 ||| qw: Do second Lair branch before Depths: true
     0 | D:1      | 0 ||| qw: Lair rune preference: random
     0 | D:1      | 0 ||| qw: Goals: Normal
     0 | D:1      | 0 ||| PLANNING D:1-11
   244 | D:1      | Reached skill level 3 in Ranged Weapons
   244 | D:1      | Reached XP level 2. HP: 22/23 MP: 2/2
   567 | D:1      | 567 ||| UPGRADING to +0 ring mail.
   577 | D:1      | 577 ||| DROPPING +0 robe.
   578 | D:1      | 578 ||| READING 3 scrolls labelled QYEVAX KAQAUSUUXE.
   581 | D:1      | 581 ||| READING scroll labelled XASTRIK PUHAXT.
   582 | D:1      | 582 ||| DROPPING scroll of poison.
   657 | D:2      | HP: 6/24 [poisoned by an adder]
   915 | D:2      | Reached XP level 3. HP: 29/29 MP: 3/3
  1231 | D:2      | Reached skill level 4 in Ranged Weapons
  1507 | D:2      | Reached skill level 1 in Armour
  1571 | D:2      | Reached XP level 4. HP: 32/36 MP: 4/4
  1664 | D:2      | Noticed Robin
  1679 | D:2      | Killed Robin
  1903 | D:2      | 1903 ||| UPGRADING to +2 hat.
  1908 | D:2      | 1908 ||| DROPPING ring of magical power.
  1909 | D:2      | 1909 ||| READING scroll labelled UVOUGG GIORCH.
  1910 | D:2      | 1910 ||| READING scroll labelled TIYPIS GOTAUMOFESK.
  1911 | D:2      | 1911 ||| READING scroll labelled ONA QIKLAF RUI.
  1929 | D:3      | Noticed Ijyb
  1936 | D:3      | 1936 ||| STAIRDANCE
  1946 | D:2      | Killed Ijyb
  1947 | D:2      | Reached skill level 5 in Ranged Weapons
  2000 | D:3      | Found a runed translucent gate.
  2001 | D:3      | Found a runed translucent gate.
  2004 | D:3      | Found a runed translucent gate.
  2008 | D:3      | Noticed qw's ghost (amateur GrHs)
  2025 | D:3      | Reached XP level 5. HP: 39/42 MP: 5/5
  2077 | D:3      | Noticed Terence
  2092 | D:3      | Killed Terence
  2093 | D:3      | Reached skill level 3 in Fighting
  2257 | D:3      | Noticed Sigmund
  2270 | D:3      | 2270 ||| DRINKING potion of curing.
  2270 | D:3      | 2270 ||| (to cure confusion)
  2275 | D:3      | 2275 ||| READING scroll labelled ZAZXUWAIWE.
  2277 | D:3      | HP: 5/45 [Sigmund/+0 scythe (7)]
  2278 | D:3      | 2278 ||| READING 4 scrolls of teleportation.
  2278 | D:3      | Slain by Sigmund

Levels and vault maps discovered:
D:1:      minmay_arrival_radiant_lines, layout_basic
D:2:      layout_basic, uniq_crazy_yiuf_cottage, uniq_robin
D:3:      layout_rooms, gammafunk_ghost_necromancy, uniq_grinder, uniq_terence,
          uniq_sigmund, uniq_ijyb

Skill      XL: |  1  2  3  4  5 |
---------------+----------------+-----
Ranged Weapons | 3 4 5 |  5.1
Fighting       | 2 3 |  3.0
Armour         | 1 |  1.4
Dodging        | |  2.1
Spellcasting   | |  1.0
Hexes          | |  2.0

Action                     |  1- 3 |  4- 6 || total
---------------------------+-------+-------++-------
   Fire: Sling             |   121 |   100 ||   221
    Use: Scroll            |     2 |     5 ||     7
         Potion            |       |     1 ||     1
 Armour: Robe              |     1 |       ||     1
         Ring mail         |     9 |    26 ||    35
  Dodge: Dodged            |    39 |    51 ||    90

Table legend:
 A = Non-vault XP
 B = Vault XP
 C = Vault XP percentage of total XP
 D = Non-vault monster count
 E = Vault monster count
 F = Vault count percentage of total count
                 A         B        C        D         E       F
            +---------+---------+-------+---------+---------+-------
      Total |     140 |      97 |  40.9 |      43 |      10 |  18.9
            +---------+---------+-------+---------+---------+-------
        D:1 |      21 |       0 |   0.0 |      12 |       0 |   0.0
        D:2 |      92 |      65 |  41.4 |      22 |       9 |  29.0
        D:3 |      27 |      32 |  54.2 |       9 |       1 |  10.0
            +---------+---------+-------+---------+---------+-------
